 Dungeon Crawl Stone Soup version 0.28.0-47-ge53b351184 (webtiles) character file.

Game seed: 12809458186072854663

831 styxcanada the Covert (level 7, -1/36 HPs)
             Began as a Spriggan Brigand on Apr 28, 2022.
             Was an Initiate of Gozag.
             Slain by an ice beast (6 damage)
             ... on level 5 of the Dungeon.
             The game lasted 00:24:28 (6174 turns).

styxcanada the Covert (Spriggan Brigand)            Turns: 6174, Time: 00:24:31

Health: -1/36      AC:  3    Str:  7    XL:     7   Next: 65%
Magic:  8/8        EV: 19    Int: 13    God:    Gozag
Gold:   180        SH:  0    Dex: 18    Spells: 6/6 levels left

rFire   . . .      SeeInvis +   a - +3 dagger
rCold   . . .      Faith    .   (no shield)
rNeg    . . .      Spirit   .   b - +0 robe
rPois   .          Reflect  .   (helmet restricted)
rElec   .          Harm     .   c - +0 cloak
rCorr   .          Rampage  .   (gloves unavailable)
Will    ++...                   (boots unavailable)
Stlth   +++++.....              (no amulet)
HPRegen 0.12/turn               p - ring of willpower
MPRegen 0.11/turn               (no ring)

@: very quick
A: very small, no large weapons, unfitting armour, see invisible, speed 3
a: Renounce Religion, Potion Petition, Call Merchant, Bribe Branch


You were on level 5 of the Dungeon.
You worshipped Gozag.
Gozag was aware of your devotion.
You visited 2 branches of the dungeon, and saw 6 of its levels.

You collected 264 gold pieces.
You spent 24 gold pieces at shops.
You paid 60 gold pieces to Gozag.

Inventory:

Hand Weapons
 a - a +3 dagger (weapon)
 m - a +2 flail of protection
 r - a +0 hunting sling
Missiles
 d - 2 poisoned darts (quivered)
 e - 2 curare-tipped darts
 g - 202 stones
 k - 25 sling bullets
Armour
 b - a +0 robe (worn)
 c - a +0 cloak (worn)
Jewellery
 p - a ring of willpower (left hand)
 w - an amulet of magic regeneration
Scrolls
 i - a scroll of immolation
 l - a scroll of teleportation
Potions
 f - a potion of curing
 h - a potion of haste
 j - 4 potions of brilliance
 n - a potion of resistance
 q - 2 potions of mutation {unknown}
 t - a potion of degeneration {unknown}


   Skills:
 + Level 3.0 Fighting
 + Level 3.9 Short Blades
 + Level 3.3(4.3) Slings
 + Level 3.4(3.9) Throwing
 * Level 4.3 Dodging
 * Level 9.9 Stealth


You had 6 spell levels left.
You didn't know any spells.
Your spell library contained the following spells:

 Spells                   Type           Power      Damage    Failure   Level
 Gell's Gravitas          Tloc           0%         N/A       67%         3
 Teleport Other           Tloc           0%         N/A       67%         3
 Dispersal                Tloc           0%         N/A       100%        6


Dungeon Overview and Level Annotations

Branches:
Dungeon (5/15)             Temple (1/1) D:4

Altars:
Ashenzari
Dithmenos
Gozag
Hepliaklqana
Kikubaaqudgha
Makhleb
Nemelex Xobeh
Okawaru
Ru
Sif Muna
Trog
Wu Jian

Shops:
D:4 *   D:5 [

Annotations:
D:4 1 runed translucent door, Dillybarz's ghost, novice MiBe


Innate Abilities, Weirdness & Mutations

You are very small and have problems with some larger weapons.
You are too small for most types of armour.
You have supernaturally acute eyesight. (SInv)
You cover ground extremely quickly. (Speed+++)


Message History

The ice beast barely misses you.
You hit the ice beast.
The ice beast is severely wounded.
The ice beast misses you.
You hit the ice beast.
The ice beast is severely wounded.
The ice beast barely misses you.
You barely miss the ice beast.
The ice beast is severely wounded.
You hit the ice beast.
The ice beast is severely wounded.
The ice beast misses you.
You hit the ice beast but do no damage.
The ice beast is severely wounded.
The ice beast completely misses you.
You hit the ice beast but do no damage.
The ice beast is severely wounded.
The ice beast barely misses you.
You hit the ice beast.
The ice beast is severely wounded.
The ice beast closely misses you.
You closely miss the ice beast.
The ice beast is severely wounded.
You hit the ice beast.
The ice beast is severely wounded.
The ice beast closely misses you.
You hit the ice beast but do no damage.
The ice beast is severely wounded.
The ice beast misses you.
You hit the ice beast.
The ice beast is almost dead.
The ice beast hits you. The ice beast freezes you.
* * * LOW HITPOINT WARNING * * *
You hit the ice beast but do no damage.
The ice beast is almost dead.
The ice beast hits you.
* * * LOW HITPOINT WARNING * * *
The ice beast freezes you.
You die...
Your body crumbles into a pile of gold.

.## #..#.# #)# #.# #.# #.# #.#..
#.####.#.#.#.#.#.#(#.#.#.#.#.#.#.
.#......###.###.###.###.###.###..
#..>...#.#.#.#.#.#.#.#.#.#.#.#.#.
####g#..#.#.#.#.#.#.#.#.#.#.#.#..
#.###########################.
#(# ## #.# ### ### ##. #(# #@#
#.## ##.# ####.###########Y#
##.###.## .....$.(.....(.(.#
##>#.## .....############# ##.##
###### ###


You could see an ice beast.

Vanquished Creatures
  Duvessa (D:5)
  A necrophage (D:4)
  2 ogres
  A phantom (D:5)
  Dowan (D:5)
  A howler monkey (D:4)
  An orc priest (D:3)
  A jelly (D:4)
  An iguana (D:3)
  An orc wizard (D:5)
  A hound skeleton (D:4)
  4 gnolls (D:4)
  6 adders
  An ufetubus (D:5)
  A worm (D:4)
  A dart slug (D:3)
  6 orcs
  8 bats
  7 endoplasms
  2 giant cockroaches (D:1)
  10 goblins
  9 hobgoblins
  6 jackals
  5 kobolds
  A quokka (D:2)
  6 ball pythons
  6 frilled lizards
  7 rats
98 creatures vanquished.

Vanquished Creatures (others)
  2 plants
2 creatures vanquished.

Grand Total: 100 creatures vanquished

Notes
Turn   | Place    | Note
-------+----------+-------------------------------------------
     0 | D:1      | styxcanada the Spriggan Brigand began the quest for the
                  | Orb.
     0 | D:1      | Reached XP level 1. HP: 10/10 MP: 2/2
    30 | D:1      | Reached skill level 6 in Stealth
   176 | D:1      | Reached XP level 2. HP: 14/14 MP: 3/3
   779 | D:1      | Found a faded altar of an unknown god.
  1048 | D:1      | Reached XP level 3. HP: 18/18 MP: 4/4
  1897 | D:2      | Reached skill level 7 in Stealth
  2624 | D:2      | Reached XP level 4. HP: 23/23 MP: 5/5
  2892 | D:3      | Reached skill level 8 in Stealth
  3275 | D:3      | Reached XP level 5. HP: 7/26 MP: 6/6
  3716 | D:3      | You fall into a shaft and drop 2 floors!
  3716 | D:5      | Entered Level 5 of the Dungeon
  3720 | D:4      | Found Ujuozawu's General Store.
  3722 | D:4      | Noticed an ogre
  3779 | D:4      | Killed an ogre
  3780 | D:4      | Reached skill level 9 in Stealth
  3780 | D:4      | Reached XP level 6. HP: 24/30 MP: 7/7
  3808 | D:4      | Reached skill level 1 in Slings
  3934 | D:4      | Bought a scroll of identify for 24 gold pieces
  4662 | D:4      | Found a runed translucent door.
  4663 | D:4      | Noticed Dillybarz's ghost (novice MiBe)
  4808 | D:4      | Found a staircase to the Ecumenical Temple.
  4820 | Temple   | Entered the Ecumenical Temple
  4868 | Temple   | Became a worshipper of Gozag Ym Sagoz the Greedy
  5074 | D:5      | Found a sacrificial altar of Ru.
  5357 | D:5      | Noticed Dowan
  5360 | D:5      | Noticed Duvessa
  5396 | D:5      | Killed Duvessa
  5397 | D:5      | Reached XP level 7. HP: 35/35 MP: 8/8
  5417 | D:5      | Killed Dowan
  5672 | D:5      | Found Upep's Armour Boutique.
  6174 | D:5      | Slain by an ice beast

Illustrated notes

Levels and vault maps discovered:
D:1:      wheals_arrival_linesprint, layout_loops_ring,
          hellmonk_ecumenical_altar_blasted, chequers_big_river, minmay_unequal
D:2:      layout_basic, dk_vineyard_3
D:3:      layout_loops_cross
D:4:      layout_rooms, minmay_temple_entry_poolview, gammafunk_ghost_grave,
          serial_shops, nicolae_stop_n_shop_2, kennysheep_decorative_pillar,
          corexii_shack
D:5:      corexii_shantytown, layout_loops_ring, hangedman_ru_absence,
          serial_shops, nicolae_shop_crystal, hangedman_abyss_or_decor_slice,
          minivault_23, roderic_roman_lattice, uniq_duvessa
Temple:   minmay_temple_bridge_abc

Skill      XL: |  1  2  3  4  5  6  7 |
---------------+----------------------+-----
Stealth        | 6 7 8 9 |  9.9
Dodging        | 2 3 4 |  4.3
Fighting       | 2 3 |  3.0
Short Blades   | 3 |  3.9
Slings         | 2 3 |  3.3
Throwing       | 3 |  3.4

Action                   |  1- 3 |  4- 6 |  7- 9 || total
-------------------------+-------+-------+-------++-------
Melee: Dagger            |   120 |   138 |    47 ||   305
       Punch             |     2 |     2 |       ||     4
 Fire: Hunting sling     |       |    31 |    24 ||    55
Throw: Dart              |    11 |    50 |     9 ||    70
       Stone             |       |       |     2 ||     2
  Use: Scroll            |       |    12 |     1 ||    13
 Stab: Sleeping          |    16 |     9 |     4 ||    29
Armor: Robe              |    16 |    10 |     3 ||    29
Dodge: Dodged            |    71 |   107 |    23 ||   201
